 Seeded DCSS version 0.31-a0-542-gdc2a67831c (webtiles) character file.

Game seed: 3462948736809364276 (custom seed)

5885 bmack86 the Severer (level 10, 0/129 HPs)
             Began as a Minotaur Fighter on Aug 14, 2023.
             Was an Elder of Trog.
             Asphyxiated
             ... on level 8 of the Dungeon.
             The game lasted 00:16:16 (6891 turns).

bmack86 the Severer (Minotaur Fighter)              Turns: 6891, Time: 00:16:17

Health: 0/129      AC: 16    Str: 28    XL:     10   Next: 52%
Magic:  9/9        EV:  7    Int: 10    God:    Trog [****..]
Gold:   300        SH: 11    Dex:  9    Spells: 9/9 levels left

rFire   + + +        a - +0 war axe
rCold   . . .        c - +0 buckler
rNeg    . . .        f - +0 plate armour
rPois   .            (helmet restricted)
rElec   .            (no cloak)
rCorr   .            n - +0 pair of gloves of the Six Bounties {Drain rF+++ Str+2 Int+5}
SInv    .            z - +0 pair of boots
Will    .....        m - amulet of reflection Stlth
                     (no ring)
HPRegen 0.41/turn    (no ring)
MPRegen 0.11/turn

%: reflection
@: berserking, lethally poisoned (0 -> -23), hasted and slowed
A: horns 2, retaliatory headbutt
a: Renounce Religion, Berserk, Trog's Hand, Brothers in Arms


You were on level 8 of the Dungeon.
You worshipped Trog.
Trog was greatly pleased with you.
You visited 1 branch of the dungeon, and saw 8 of its levels.

You collected 300 gold pieces.

Inventory:

Hand Weapons
 a - a +0 war axe (weapon)
Missiles
 t - 2 boomerangs
Armour
 b - a +0 scale mail
 c - a +0 buckler (worn)
 f - a +0 plate armour (worn)
 n - the +0 pair of gloves of the Six Bounties (worn) {Drain rF+++ Str+2 Int+5}
   (You acquired it on level 4 of the Dungeon)

   Str+2:     It affects your strength (+2).
   Int+5:     It affects your intelligence (+5).
   rF+++:     It renders you almost immune to fire.
   Drain:     It drains your maximum health when unequipped.
 z - a +0 pair of boots (worn)
 A - a +0 kite shield
Jewellery
 m - an amulet of reflection (around neck)
 q - a ring of fire
Wands
 x - a wand of quicksilver (9) (quivered)
 B - a wand of mindburst (3)
Scrolls
 e - 3 scrolls of immolation {unknown}
 g - a scroll of fear {unknown}
 h - a scroll of fog
 p - a scroll of teleportation {unknown}
 r - a scroll of enchant weapon {unknown}
 s - a scroll of enchant armour {unknown}
 u - 3 scrolls of poison {unknown}
 v - a scroll of torment {unknown}
Potions
 d - a potion of might
 i - a potion of enlightenment
 j - a potion of curing
 l - 3 potions of cancellation
 o - a potion of lignification {unknown}
 w - a potion of attraction {unknown}


   Skills:
 + Level 7.6 Fighting
 - Level 18.0 Axes
 + Level 7.5 Armour
 - Level 10.0 Shields


You had 9 spell levels left.
You didn't know any spells.
Your spell library contained the following spells:

 Spells                   Type           Power      Damage    Failure   Level
 Sublimation of Blood     Necr           0%         N/A       99%         2
 Hailstorm                Conj/Ice       0%         3d3       100%        3
 Petrify                  Tmut/Erth      0%         N/A       100%        4
 Summon Ice Beast         Ice/Summ       0%         N/A       100%        4
 Irradiate                Conj/Tmut      0%         3d11      100%        5
 Simulacrum               Ice/Necr       0%         N/A       100%        6


Dungeon Overview and Level Annotations

Branches:
Dungeon (8/15)             Temple (0/1) D:6
   Lair: D:8-11

Altars:
Hepliaklqana
Kikubaaqudgha
Makhleb
Ru
Sif Muna
Trog
Vehumet
The Shining One

Portals:
Bailey: D:8


Innate Abilities, Weirdness & Mutations

You have a pair of horns on your head.
You reflexively headbutt those who attack you in melee.


Message History

The curare-tipped dart closely misses you.
You feel yourself speed up.
The hobgoblin hits you but does no damage.
The orc hits you but does no damage. x2; You block the hobgoblin's attack.
The orc barely misses you. You furiously retaliate!
You headbutt the orc. The orc hits you but does no damage.
A red film seems to cover your vision as you go berserk!
You feel yourself moving faster!
You feel mighty! The orc barely misses you.
The orc hits you but does no damage. You block the hobgoblin's attack.
The kobold brigand throws a curare-tipped dart.
The curare-tipped dart hits you.
You are poisoned.
You have difficulty breathing.
* * * LOW HITPOINT WARNING * * *
You feel as though you will be slow longer.
You slice the orc!!
You feel the power of Trog in you as your rage grows.
You kill the orc!
Trog accepts your kill.
You barely miss the kobold. You slash the orc!
You kill the orc!
Trog accepts your kill.
You slash the hobgoblin!
You kill the hobgoblin!
Trog accepts your kill.
You feel sick. The kobold completely misses you.
You feel very sick. The orc hits you but does no damage.
The kobold brigand throws a curare-tipped dart.
The curare-tipped dart hits you.
You are more poisoned.
You have difficulty breathing.
* * * LOW HITPOINT WARNING * * *
You feel as though you will be slow longer.
You block the orc's attack.
The kobold brigand throws a curare-tipped dart.
The curare-tipped dart hits you.
You are more poisoned.
You have difficulty breathing.
You die...

..........##.#.#.#
............##...#..
............##.#.#.#
......!....#..#...#
≈~~~......##.#.#..
####≈~......##...##.
#>.#≈~......##)#....
#..(≈~.......).##.##
#.o@K~....))##......
#..)≈~...)..###.###.
#∩.#≈≈......# ... .
####≈≈......# .....
~~K≈......# .....
...........# .....
..########### .....
#. .####


You could see a kobold brigand, an orc and a kobold.

Vanquished Creatures
  A boulder beetle (D:7)
  A two-headed ogre (D:7)
  Pikel (D:7)
  A cyclops (D:8)
  Prince Ribbit (D:5)
  A hornet (D:7)
  Sigmund (D:3)
  A yak (D:8)
  2 steam dragons
  A water moccasin (D:5)
  An orc warrior (D:7)
  An ice beast (D:6)
  2 black bears
  A sky beast (D:6)
  3 lemures (D:7)
  2 centaurs
  2 kobold brigands (D:8)
  4 bullfrogs
  2 gnoll sergeants
  8 scorpions
  10 wights
  4 orc priests
  2 hounds (D:5)
  2 jellies
  Terence (D:3)
  2 iguanas
  5 orc wizards
  6 adders
  11 gnolls
  A shadow imp (D:7)
  A white imp (D:7)
  An ufetubus (D:5)
  2 worms
  2 dart slugs
  38 orcs
  10 ball pythons
  2 bat zombies (D:8)
  7 endoplasms
  5 giant cockroaches
  5 goblins
  5 hobgoblins
  3 jackals (D:1)
  4 quokkas
  15 bats
  2 frilled lizards (D:1)
  15 kobolds
  8 rats
  A rat zombie (D:8)
207 creatures vanquished.

Notes
Turn   | Place    | Note
-------+----------+-------------------------------------------
     0 | D:1      | bmack86 the Minotaur Fighter began the quest for the Orb.
     0 | D:1      | Reached XP level 1. HP: 19/19 MP: 0/0
    70 | D:1      | Reached XP level 2. HP: 25/26 MP: 1/1
   192 | D:1      | Reached skill level 3 in Axes
   334 | D:1      | Reached XP level 3. HP: 29/31 MP: 2/2
   893 | D:2      | You fall into a shaft and drop 1 floor!
   938 | D:4      | Found a bloodstained altar of Trog.
   942 | D:4      | Reached skill level 5 in Shields
   951 | D:4      | Became a worshipper of Trog the Wrathful
   961 | D:4      | Found a glowing golden altar of the Shining One.
  1115 | D:4      | Identified 3 scrolls of acquirement
  1115 | D:4      | Acquired a manual of Axes
  1117 | D:4      | Acquired the +0 pair of gloves of the Six Bounties {Drain
                  | rF+++ Str+2 Int+5}
  1124 | D:4      | Acquired an amulet of reflection
  1216 | D:4      | Reached skill level 5 in Axes
  1216 | D:4      | Reached XP level 4. HP: 37/39 MP: 3/3
  1317 | D:3      | Noticed Sigmund
  1326 | D:3      | Killed Sigmund
  1327 | D:3      | Reached skill level 8 in Axes
  1327 | D:3      | Reached XP level 5. HP: 45/45 MP: 4/4
  1402 | D:2      | Found a burning altar of Makhleb.
  1430 | D:2      | Reached XP level 6. HP: 51/51 MP: 5/5
  1493 | D:2      | Reached skill level 9 in Axes
  1582 | D:2      | Found a faded altar of an unknown god.
  1783 | D:3      | Reached * piety under Trog
  1947 | D:3      | Found a hazy altar of Hepliaklqana.
  2023 | D:3      | Found a shimmering blue altar of Sif Muna.
  2231 | D:3      | Noticed Terence
  2241 | D:3      | Killed Terence
  2242 | D:3      | Reached skill level 10 in Axes
  2943 | D:5      | Entered Level 5 of the Dungeon
  3022 | D:5      | Reached skill level 11 in Axes
  3073 | D:5      | Reached XP level 7. HP: 34/57 MP: 6/6
  3297 | D:5      | Found a radiant altar of Vehumet.
  3312 | D:5      | Reached ** piety under Trog
  3313 | D:5      | Reached skill level 12 in Axes
  3417 | D:5      | Reached skill level 13 in Axes
  3476 | D:5      | Found a sacrificial altar of Ru.
  3620 | D:5      | Reached skill level 14 in Axes
  3854 | D:5      | Reached XP level 8. HP: 47/64 MP: 7/7
  3934 | D:5      | Reached skill level 15 in Axes
  4133 | D:5      | Noticed Prince Ribbit
  4143 | D:5      | Killed Prince Ribbit
  4144 | D:5      | Reached skill level 16 in Axes
  4712 | D:6      | Reached skill level 17 in Axes
  4723 | D:6      | Reached *** piety under Trog
  4745 | D:6      | Found a staircase to the Ecumenical Temple.
  4857 | D:6      | Reached XP level 9. HP: 70/70 MP: 8/8
  4965 | D:6      | Reached skill level 18 in Axes
  5107 | D:7      | Noticed Pikel
  5119 | D:7      | Killed Pikel
  5475 | D:7      | Reached skill level 5 in Fighting
  5475 | D:7      | Reached skill level 5 in Armour
  5643 | D:7      | Noticed a two-headed ogre
  5656 | D:7      | HP: 5/111 [two-headed ogre/+0 giant club (2)]
  5662 | D:7      | Killed a two-headed ogre
  5914 | D:7      | Reached XP level 10. HP: 79/83 MP: 9/9
  6354 | D:8      | Noticed a boulder beetle
  6356 | D:8      | Noticed a cyclops
  6401 | D:7      | Killed a boulder beetle
  6583 | D:8      | Killed a cyclops
  6588 | D:8      | Reached skill level 10 in Shields
  6700 | D:8      | Found an ancient bone altar of Kikubaaqudgha.
  6789 | D:8      | Reached **** piety under Trog
  6884 | D:8      | Found a flagged portal.
  6891 | D:8      | HP: 6/129 [asphyx]
  6891 | D:8      | Asphyxiated

Illustrated notes

Levels and vault maps discovered:
D:1:      mushboom_english_gardens, layout_rooms, minmay_tromino_v4_b
D:2:      layout_loops_corners, basic_altar, ebering_ecumenical_altar_mist
D:3:      layout_basic, lemuel_blue_sif_altar, nicolae_hepliaklqana_hippocampus,
          uniq_terence, uniq_sigmund
D:4:      layout_gridville, trog_book, nicolae_overflow_hidden_temple
D:5:      old_forge, layout_layer_cave, mainiacjoe_overflow_tiny_flanked,
          nicolae_ru_awakened_eye, uniq_prince_ribbit1
D:6:      layout_loops_ring, minmay_temple_entry_stoned_glass, serial_glass,
          glass_columns_b, glass_columns_c
D:7:      layout_loops_ring, uniq_pikel
D:8:      gammafunk_sealed_arena, layout_basic,
          lemuel_zombie_altar_kikubaaqudgha, enter_bailey_4,
          nicolae_concentric_dashed_squares_wild, minmay_manual_mess

Skill      XL: |  1  2  3  4  5  6  7  8  9 10 |
---------------+-------------------------------+-----
Shields        | 4 5 8 10 | 10.0
Axes           | 3 5 8 11 14 17 18 | 18.0
Fighting       | 5 7 |  7.6
Armour         | 5 7 |  7.5

Action                     |  1- 3 |  4- 6 |  7- 9 | 10-12 || total
---------------------------+-------+-------+-------+-------++-------
  Melee: War axe           |    94 |   103 |   212 |    84 ||   493
         Headbutt          |    11 |    18 |    37 |    20 ||    86
  Throw: Boomerang         |       |       |     1 |       ||     1
 Invoke: Berserk           |       |       |     3 |     2 ||     5
  Evoke: Wand              |       |       |     3 |       ||     3
    Use: Scroll            |     3 |       |     3 |     4 ||    10
         Potion            |       |       |       |     2 ||     2
 Armour: Plate armour      |   105 |    47 |    93 |    25 ||   270
  Dodge: Dodged            |    32 |    18 |    40 |    21 ||   111
  Block: Buckler           |    37 |    59 |    80 |    44 ||   220
         Reflection        |       |     3 |     3 |     3 ||     9

Table legend: (Time is in decaauts)
 A = Elapsed time spent in this place.
 B = Non-inter-level travel time spent in this place.
 C = Inter-level travel time spent in this place.
 D = Time resting spent in this place.
 E = Time spent auto-exploring this place.
 F = Levels seen in this place.
 G = Mean time per level.
                   A        B        C        D        E       F      G
               +--------+--------+--------+--------+--------+-----+--------+
         Total |   6910 |   6675 |    235 |    172 |   4663 |   8 |  863.8 |
       Dungeon |   6910 |   6675 |    235 |    172 |   4663 |   8 |  863.8 |
               +--------+--------+--------+--------+--------+-----+--------+

Top non-repeatable levels by time:
     D:5: 1539 daAuts
     D:7: 1449 daAuts
     D:4: 916 daAuts
     D:2: 787 daAuts
     D:3: 770 daAuts
     D:6: 608 daAuts
     D:1: 512 daAuts
     D:8: 326 daAuts
